 Dungeon Crawl Stone Soup version 0.28-a0-1567-g1695149f81 (webtiles) character file.

Game seed: 3000037469160372919

438 southernslant the Poker (level 7, -1/36 HPs)
             Began as a Vine Stalker Fighter on Jan 20, 2022.
             Slain by an unseen horror (4 damage)
             ... on level 5 of the Dungeon.
             The game lasted 00:07:55 (3560 turns).

southernslant the Poker (Vine Stalker Fighter)      Turns: 3560, Time: 00:07:56

Health: -1/36      AC:  6    Str: 22 (24) XL:     7   Next: 1%
Magic:  0/8        EV: 10    Int:  5 (8)  God:
Gold:   262        SH:  5    Dex: 14 (16) Spells: 6/6 levels left

rFire   . . .      SeeInvis .   a - +0 trident
rCold   . . .      Faith    .   c - +0 buckler
rNeg    . . .      Spirit   +   b - +0 scale mail
rPois   .          Reflect  .   (no helmet)
rElec   .          Harm     .   (no cloak)
rCorr   .          Rampage  .   (no gloves)
Will    .....                   (no boots)
Stlth   +.........              (no amulet)
HPRegen 0.92/turn               l - +6 ring of strength
MPRegen 0.11/turn               (no ring)

@: no status effects
A: fangs 2, regeneration 1, magic shield, antimagic bite, no potion heal 2
a: no special abilities


You were on level 5 of the Dungeon.
You visited 1 branch of the dungeon, and saw 5 of its levels.

You collected 262 gold pieces.

Inventory:

Hand Weapons
 a - a +0 trident (weapon)
Missiles
 f - 115 stones
 k - 4 javelins (quivered)
 s - a throwing net
Armour
 b - a +0 scale mail (worn)
 c - a +0 buckler (worn)
Magical Staves
 q - a staff of fire
Jewellery
 l - a +6 ring of strength (left hand)
Scrolls
 e - 5 scrolls of identify {unknown}
 i - 2 scrolls of teleportation {unknown}
 j - a scroll of immolation {unknown}
 m - a scroll of torment {unknown}
 o - a scroll of blinking {unknown}
 r - a scroll of vulnerability {unknown}
 u - 2 scrolls of enchant weapon {unknown}
 w - a scroll of noise {unknown}
Potions
 d - a potion of might
 g - 3 potions of degeneration
 h - a potion of heal wounds
 n - a potion of flight {unknown}
 p - a potion of brilliance {unknown}
 t - a potion of haste {unknown}
 v - a potion of attraction {unknown}


   Skills:
 + Level 3.5 Fighting
 * Level 3.6 Polearms
 + Level 3.1 Armour
 * Level 2.6 Dodging
 + Level 2.6 Stealth
 + Level 3.4 Shields


You had 6 spell levels left.
You didn't know any spells.
Your spell library contained the following spells:

 Spells                   Type           Power      Damage    Failure   Level
 Scorch                   Fire           0%         2d5       95%         2
 Flame Wave               Conj/Fire      0%         2d4       100%        4
 Summon Cactus Giant      Summ           0%         N/A       100%        6


Dungeon Overview and Level Annotations

Branches:
Dungeon (5/15)
 Temple: D:4-7

Altars:
Hepliaklqana
Zin


Innate Abilities, Weirdness & Mutations

You have extremely sharp teeth.
Your natural rate of healing is unusually fast.
When hurt, damage is shared between your health and your magic reserves.
Your bite disrupts and absorbs the magic of your enemies.
Potions cannot restore your health.


Message History

You kill the dart slug!
There is a strange disturbance nearby!
Something hits you but does no damage.
Deactivating autopickup; reactivate with Ctrl-A.
Something hits you. Something hits you.
You hit something. You bite something. Something hits you. Something hits you.
Something hits you but does no damage. Something hits you. Something hits you.
No target in view!
No target in view!
Something hits you. Something hits you but does no damage. Something hits you!
You block something's attack.
You are too injured to fight recklessly!
You are too injured to fight recklessly!
Something hits you. Something hits you. Something hits you but does no damage.
You closely miss something. Something hits you!
* * * LOW HITPOINT WARNING * * *
It was a potion of degeneration.
There was something very wrong with that liquid.
You feel weakened.
You feel dopey.
You feel clumsy.
Something hits you but does no damage. x3
It was a potion of heal wounds.
That seemed strangely inert.
Something hits you.
* * * LOW HITPOINT WARNING * * *
Something hits you!
* * * LOW HITPOINT WARNING * * *
You cannot be healed by potions.
Something hits you but does no damage. Something completely misses you.
Something hits you but does no damage. Something hits you!
* * * LOW HITPOINT WARNING * * *
Something hits you but does no damage. Something hits you.
You die...

#..#...#
#..#...###########
##..#..............
#......############
#...............
#.....#.#######.
+>......#..
##....####.#
#.#..@..# #.#
#.......####.#
###.#......#.#
...#..[...#.#
#######......#.#
...............#
########......######
.......'......'....#
########......####.#


There were no monsters in sight!

Vanquished Creatures
  An ogre (D:4)
  A scorpion (D:2)
  2 orc priests (D:3)
  An iguana (D:4)
  An orc wizard (D:4)
  A hound skeleton (D:4)
  3 adders (D:3)
  A shadow imp (D:3)
  An ufetubus (D:3)
  2 worms
  3 dart slugs
  10 orcs
  8 ball pythons
  10 bats
  6 endoplasms
  5 giant cockroaches
  7 goblins
  6 hobgoblins
  12 jackals
  6 kobolds
  6 quokkas
  3 frilled lizards
  5 rats
101 creatures vanquished.

Vanquished Creatures (others)
  8 plants (D:4)
  4 toadstools (D:4)
12 creatures vanquished.

Grand Total: 113 creatures vanquished

Notes
Turn   | Place    | Note
-------+----------+-------------------------------------------
     0 | D:1      | southernslant the Vine Stalker Fighter began the quest for
                  | the Orb.
     0 | D:1      | Reached XP level 1. HP: 11/11 MP: 2/2
   250 | D:1      | Reached XP level 2. HP: 16/16 MP: 3/3
   586 | D:1      | Reached XP level 3. HP: 19/19 MP: 4/4
   634 | D:1      | Reached skill level 1 in Dodging
  1219 | D:2      | Noticed a scorpion
  1229 | D:2      | Killed a scorpion
  1230 | D:2      | Reached skill level 1 in Stealth
  1230 | D:2      | Gained mutation: Your natural rate of healing is unusually
                  | fast. [Vine Stalker growth]
  1230 | D:2      | Reached XP level 4. HP: 14/24 MP: 5/5
  1555 | D:2      | Reached XP level 5. HP: 28/28 MP: 6/6
  1567 | D:2      | Found a faded altar of an unknown god.
  2658 | D:3      | Reached XP level 6. HP: 21/32 MP: 3/7
  3109 | D:4      | Found a hazy altar of Hepliaklqana.
  3327 | D:4      | Reached XP level 7. HP: 11/36 MP: 4/8
  3373 | D:4      | Found a glowing silver altar of Zin.
  3490 | D:5      | Entered Level 5 of the Dungeon
  3558 | D:5      | HP: 1/36 [something (5)]
  3560 | D:5      | Slain by an unseen horror

Illustrated notes

Levels and vault maps discovered:
D:1:      minmay_arrival_radiant_lines, layout_basic
D:2:      layout_basic, shapermc_ecumenical_altar_starsandcircs,
          serial_aquarium, aquarium_bridge_island_large
          [aquarium_subvault_large_water, aquarium_subvault_bridge,
          aquarium_subvault_window, aquarium_subvault_wall,
          aquarium_subvault_window], aquarium_window_corridor_1,
          aquarium_window_corner, aquarium_window_corner, aquarium_view_2b,
          aquarium_balcony_double_2
D:3:      layout_basic, serial_glass, glass_columns_b, glass_columns_b,
          minmay_starry_boxes
D:4:      layout_rooms, nicolae_hepliaklqana_hazy_memory, zin_scriptorium,
          minmay_gold_behind_fungi
D:5:      layout_basic, mainiacjoe_overflow_cross_hatched,
          ebering_ghost_rock_garden, minmay_manual_mail

Skill      XL: |  1  2  3  4  5 |
---------------+----------------+-----
Polearms       | 2 3 |  3.6
Dodging        | 1 2 |  2.6
Fighting       | 3 |  3.5
Stealth        | 1 2 |  2.6
Shields        | 3 |  3.4
Armour         | 3 |  3.1

Action                   |  1- 3 |  4- 6 |  7- 9 || total
-------------------------+-------+-------+-------++-------
Melee: Trident           |    94 |   194 |     5 ||   293
       Bite              |    12 |    36 |     2 ||    50
  Use: Potion            |       |       |     2 ||     2
Armor: Scale mail        |    38 |    50 |    10 ||    98
Dodge: Dodged            |    33 |    80 |     1 ||   114
Block: Buckler           |    16 |    27 |     2 ||    45

Table legend: (Time is in decaauts)
 A = Elapsed time spent in this place.
 B = Non-inter-level travel time spent in this place.
 C = Inter-level travel time spent in this place.
 D = Time resting spent in this place.
 E = Time spent auto-exploring this place.
 F = Levels seen in this place.
 G = Mean time per level.
                   A        B        C        D        E       F      G
               +--------+--------+--------+--------+--------+-----+--------+
         Total |   3619 |   3438 |    181 |      0 |   2784 |   5 |  723.8 |
       Dungeon |   3619 |   3438 |    181 |      0 |   2784 |   5 |  723.8 |
               +--------+--------+--------+--------+--------+-----+--------+

Top non-repeatable levels by time:
     D:1: 1061 daAuts
     D:2: 1037 daAuts
     D:3: 888 daAuts
     D:4: 561 daAuts
     D:5: 70 daAuts
